 Dungeon Crawl Stone Soup version 0.29-a0-275-g389c0b56f3 (webtiles) character file.

Game seed: 14946321509761059962

760 mopl the Twirler (level 7, -3/56 HPs)
             Began as a Palentonga Gladiator on Mar 10, 2022.
             Slain by an iguana (10 damage)
             ... on level 5 of the Dungeon.
             The game lasted 00:03:49 (3465 turns).

mopl the Twirler (Palentonga Gladiator)             Turns: 3465, Time: 00:03:50

Health: -3/56      AC: 15    Str: 28    XL:     7   Next: 50%
Magic:  7/7        EV:  7    Int:  9    God:
Gold:   143        SH:  0    Dex:  7    Spells: 6/6 levels left

rFire   + . .      SeeInvis +   p - +3 dagger of Beahuj {venom, rF+ rN++ Str+3 Dex-4}
rCold   . . .      Faith    .   (no shield)
rNeg    + + .      Spirit   .   h - +0 chain mail
rPois   .          Reflect  .   c - +0 helmet
rElec   .          Harm     .   (no cloak)
rCorr   .          Rampage  .   (no gloves)
Will    .....                   (no barding)
Stlth   ..........              (no amulet)
HPRegen 0.18/turn               m - +6 ring of strength
MPRegen 0.10/turn               (no ring)

@: curled up
A: large, rugged brown scales 3, see invisible, deformed body, roll 1, armoured
tail, reflexive curl
a: Rolling Charge


You were on level 5 of the Dungeon.
You visited 1 branch of the dungeon, and saw 4 of its levels.

You collected 143 gold pieces.

Inventory:

Hand Weapons
 a - a +0 quarterstaff
 p - the +3 dagger of Beahuj (weapon) {venom, rF+ rN++ Str+3 Dex-4}
   (You found it on level 2 of the Dungeon)

   It poisons the flesh of those it strikes.
   Str:       It affects your strength (+3).
   Dex:       It affects your dexterity (-4).
   rF:        It protects you from fire.
   rN:        It greatly protects you from negative energy.
 z - the +2 flail "Dirhaweo" {venom, Drain Dex+5 Stlth+}
   (You found it on level 5 of the Dungeon)

   It poisons the flesh of those it strikes.
   Dex:       It affects your dexterity (+5).
   Drain:     It drains your maximum health when unequipped.
   Stlth:     It makes you more stealthy.
Missiles
 d - 4 throwing nets (quivered)
 e - a javelin
 n - 5 datura-tipped darts
 v - 7 poisoned darts
Armour
 c - a +0 helmet (worn)
 h - a +0 chain mail (worn)
Magical Staves
 w - a staff of fire
Jewellery
 f - a ring of wizardry
 g - a ring of magical power
 m - a +6 ring of strength (left hand)
 y - an amulet of magic regeneration
Wands
 x - a wand of digging (9)
Scrolls
 b - a scroll of noise {unknown}
 j - a scroll of amnesia {unknown}
 k - a scroll of holy word {unknown}
 l - 2 scrolls of vulnerability {unknown}
 q - a scroll of magic mapping {unknown}
 r - a scroll of enchant weapon {unknown}
 s - a scroll of teleportation {unknown}
 A - a scroll of fear {unknown}
Potions
 i - a potion of haste
 o - 2 potions of flight
 t - 2 potions of heal wounds
 u - a potion of might {unknown}


   Skills:
 + Level 3.8 Fighting
 * Level 5.8 Staves
 + Level 2.9 Throwing
 + Level 2.4 Armour
 + Level 3.6 Dodging


You had 6 spell levels left.
You didn't know any spells.
Your spell library contained the following spells:

 Spells                   Type           Power      Damage    Failure   Level
 Magic Dart               Conj           0%         1d3       94%         1
 Call Imp                 Summ           0%         N/A       98%         2
 Dazzling Flash           Conj/Hex       0%         N/A       100%        3
 Mephitic Cloud           Conj/Pois/Air  0%         N/A       100%        3
 Iskenderun's Mystic Bla  Conj/Tloc      0%         2d3       100%        4
 Starburst                Conj/Fire      0%         6d3       100%        6


Dungeon Overview and Level Annotations

Branches:
Dungeon (3/15)

Altars:
Ashenzari
Gozag


Innate Abilities, Weirdness & Mutations

You are completely covered in rugged brown scales. (AC +3, +7% HP)
You have supernaturally acute eyesight. (SInv)
Armour fits poorly on your strangely shaped body.
You can roll at nearby foes to attack.
You have a long armoured tail.
You curl defensively after being hit. (AC +7*)


Message History

No target in view!
No target in view!
No target in view!
No target in view!
No target in view!
No target in view!
A - a scroll labelled OBRIEM MADA
v - 7 poisoned darts (gained 5)
An iguana comes into view.
An iguana is nearby!
The iguana bites you!
You hit the iguana but do no damage. The iguana bites you.
You hit the iguana but do no damage.
The iguana is poisoned.
Your tail-slap misses the iguana.
The iguana bites you!
You are too injured to fight recklessly!
You are too injured to fight recklessly!
You are too injured to fight recklessly!
You are too injured to fight recklessly!
You are too injured to fight recklessly!
You are too injured to fight recklessly!
You are too injured to fight recklessly!
An iguana is nearby!
You hit the iguana but do no damage. The iguana closely misses you.
You closely miss the iguana.
The iguana is lightly wounded.
The iguana bites you.
You barely miss the iguana.
Your tail-slap misses the iguana.
The iguana is lightly wounded.
The iguana bites you.
You hit the iguana but do no damage.
The iguana looks as sick as possible!
The iguana is lightly wounded.
The iguana bites you!
* * * LOW HITPOINT WARNING * * *
You barely miss the iguana.
The iguana is moderately wounded.
The iguana barely misses you. The iguana attacks as you move away!
The iguana bites you but does no damage.
The iguana attacks as you move away! The iguana bites you!
You die...

#.#
#....##..
#######.###
#....#.8.
..........#
#....#...
#######...#
#........
#...#
######...
#...#
######.8.
#...#
#....##..
#...#
#.....###
###..@######
#........
#....l.....#
#........
#..........#
#........
#..........#
.........
#..........#
.##......
#..........#
#......
#..........#
#......
############
#......
#.#......


You could see an iguana (very poisoned).

Vanquished Creatures
  Grinder (D:5)
  A black bear (D:5)
  An ice beast (D:5)
  A necrophage (D:5)
  2 scorpions
  A hound (D:5)
  A jelly (D:5)
  An iguana (D:5)
  4 adders
  2 worms (D:2)
  4 orcs
  7 ball pythons
  3 bats
  7 endoplasms
  12 giant cockroaches (D:2)
  5 hobgoblins
  3 quokkas
  A frilled lizard (D:3)
  8 goblins
  5 kobolds
  6 rats
76 creatures vanquished.

Vanquished Creatures (others)
  5 plants (D:5)
5 creatures vanquished.

Grand Total: 81 creatures vanquished

Notes
Turn   | Place    | Note
-------+----------+-------------------------------------------
     0 | D:1      | mopl the Palentonga Gladiator began the quest for the Orb.
     0 | D:1      | Reached XP level 1. HP: 17/17 MP: 1/1
   107 | D:1      | Reached XP level 2. HP: 16/23 MP: 2/2
  1234 | D:2      | Reached XP level 3. HP: 27/28 MP: 3/3
  1526 | D:2      | Identified the +3 dagger of Beahuj {venom, rF+ rN++ Str+3
                  | Dex-4}
  1778 | D:2      | Reached skill level 1 in Armour
  1964 | D:2      | Reached XP level 4. HP: 33/36 MP: 4/4
  2104 | D:3      | Noticed a scorpion
  2110 | D:3      | Killed a scorpion
  2111 | D:3      | Reached skill level 4 in Staves
  2111 | D:3      | Reached skill level 2 in Throwing
  2119 | D:3      | Found a broken altar of Ashenzari.
  2267 | D:3      | Reached XP level 5. HP: 28/41 MP: 5/5
  2416 | D:3      | You fall into a shaft and drop 2 floors!
  2416 | D:5      | Entered Level 5 of the Dungeon
  2416 | D:5      | Noticed Grinder
  2434 | D:5      | Paralysed by Grinder for 3 turns
  2441 | D:5      | Paralysed by Grinder for 4 turns
  2443 | D:5      | Reached skill level 3 in Dodging
  2452 | D:5      | Paralysed by Grinder for 2 turns
  2458 | D:5      | Paralysed by Grinder for 3 turns
  2466 | D:5      | Paralysed by Grinder for 2 turns
  2469 | D:5      | Killed Grinder
  2470 | D:5      | Reached skill level 3 in Fighting
  2470 | D:5      | Reached skill level 5 in Staves
  2470 | D:5      | Reached XP level 6. HP: 15/50 MP: 6/6
  2747 | D:5      | Reached skill level 2 in Armour
  2834 | D:5      | Gained mutation: You curl defensively after being hit. (AC
                  | +7*) [Palentonga growth]
  2834 | D:5      | Reached XP level 7. HP: 36/55 MP: 7/7
  2852 | D:5      | Found an opulent altar of Gozag.
  3331 | D:5      | Identified the +2 flail "Dirhaweo" {venom, Drain Dex+5
                  | Stlth+}
  3465 | D:5      | Slain by an iguana

Illustrated notes

Levels and vault maps discovered:
D:1:      saegor_arrival_simple_a, layout_basic, minmay_unequal
D:2:      minmay_roachtagon, layout_loops_corners, minivault_26,
          minmay_split_cup_large
D:3:      layout_rooms, nicolae_ashenzari_skybound, serial_shops, shop,
          nicolae_ecumenical_oubliette
D:5:      layout_basic, grunt_gozag_statues, nicolae_elyvilon_temple_path,
          uniq_blork_the_orc, uniq_grinder

Skill      XL: |  1  2  3  4  5  6 |
---------------+-------------------+-----
Armour         | 1 2 |  2.4
Staves         | 4 5 |  5.8
Throwing       | 2 |  2.9
Dodging        | 3 |  3.6
Fighting       | 3 |  3.8

Action                   |  1- 3 |  4- 6 |  7- 9 || total
-------------------------+-------+-------+-------++-------
Melee: Quarterstaff      |   104 |       |       ||   104
       Tailslap          |     9 |     8 |     4 ||    21
       Dagger            |    34 |   122 |    35 ||   191
       Punch             |     1 |     1 |       ||     2
  Use: Scroll            |     4 |     2 |       ||     6
       Potion            |       |     1 |       ||     1
Armor: Leather armour    |    25 |       |       ||    25
       Chain mail        |    65 |    50 |    11 ||   126
       Skin              |       |    65 |       ||    65
Dodge: Dodged            |    62 |    42 |    11 ||   115

Table legend: (Time is in decaauts)
 A = Elapsed time spent in this place.
 B = Non-inter-level travel time spent in this place.
 C = Inter-level travel time spent in this place.
 D = Time resting spent in this place.
 E = Time spent auto-exploring this place.
 F = Levels seen in this place.
 G = Mean time per level.
                   A        B        C        D        E       F      G
               +--------+--------+--------+--------+--------+-----+--------+
         Total |   3477 |   3449 |     28 |   1087 |   1765 |   4 |  869.2 |
       Dungeon |   3477 |   3449 |     28 |   1087 |   1765 |   4 |  869.2 |
               +--------+--------+--------+--------+--------+-----+--------+

Top non-repeatable levels by time:
     D:1: 1088 daAuts
     D:5: 1048 daAuts
     D:2: 984 daAuts
     D:3: 355 daAuts
